 Dungeon Crawl Stone Soup version 0.30-a0-800-g7c544603b3 (webtiles) character file.

Game seed: 841091311557794613

28 cforsyth the Ducker (level 3, -4/22 HPs)
             Began as a Kobold Gladiator on Feb 21, 2023.
             Slain by an orc
             ... wielding a +0 flail
              (9 damage)
             ... on level 2 of the Dungeon.
             The game lasted 00:01:50 (782 turns).

cforsyth the Ducker (Kobold Gladiator)               Turns: 782, Time: 00:01:51

Health: -4/22      AC:  4    Str: 11    XL:     3   Next: 30%
Magic:  3/3        EV: 16    Int:  9    God:
Gold:   107        SH:  0    Dex: 18    Spells: 2/2 levels left

rFire   . . .      SeeInvis .    a - +0 long sword
rCold   . . .      Faith    .    (no shield)
rNeg    . . .      Spirit   .    b - +0 leather armour
rPois   .          Reflect  .    c - +0 helmet
rElec   .          Harm     .    (no cloak)
rCorr   .          Rampage  .    (no gloves)
Will    .....                    (no boots)
Stlth   +++                      (no amulet)
HPRegen 0.23/turn                (no ring)
MPRegen 0.08/turn                (no ring)

@: no status effects
A: small, no large weapons, nightstalker 3
a: no special abilities


You were on level 2 of the Dungeon.
You visited 1 branch of the dungeon, and saw 2 of its levels.

You collected 107 gold pieces.

Inventory:

Hand Weapons
 a - a +0 long sword (weapon)
Missiles
 d - 3 throwing nets (quivered)
 e - 2 boomerangs
Armour
 b - a +0 leather armour (worn)
 c - a +0 helmet (worn)
Scrolls
 g - 3 scrolls of enchant weapon {unknown}
 h - a scroll of fog {unknown}
 j - a scroll of brand weapon {unknown}
 k - 2 scrolls of identify {unknown}
Potions
 f - a potion of curing {unknown}
 i - a potion of magic {unknown}
 l - a potion of berserk rage {unknown}
 m - a potion of heal wounds {unknown}


   Skills:
 + Level 2.7 Fighting
 + Level 2.7 Long Blades
 - Level 2.2 Throwing
 + Level 4.0 Dodging
 + Level 1.6 Stealth


You had 2 spell levels left.
You didn't know any spells.
Your spell library was empty.

Dungeon Overview and Level Annotations

Branches:
Dungeon (2/15)

Altars:


Innate Abilities, Weirdness & Mutations

You are small and have problems with some larger weapons.
You are completely attuned to the shadows.


Message History

Things that are here:
a +0 dagger; a goblin corpse An orc comes into view.
It is wielding a +0 flail.
The orc moves out of view.
An orc comes into view. It is wielding a +0 trident.
The orc moves out of view.
An orc and an orc priest come into view.
The orc priest shouts!
You hear a shout!
The orc priest hits you with a +0 short sword.
You hear a shout!
You hit the orc priest.
The orc priest is moderately wounded.
The orc priest completely misses you.
You hit the orc priest.
The orc priest is heavily wounded.
The orc priest hits you with a +0 short sword.
The orc priest closely misses you.
You hit the orc priest.
The orc priest is almost dead.
The orc misses you. The orc priest closely misses you.
You closely miss the orc priest.
The orc priest is almost dead.
The orc priest calls down the wrath of Beogh upon you.
Beogh smites you!
Ouch! That really hurt!
* * * LOW HITPOINT WARNING * * *
The orc completely misses you.
You are too injured to fight recklessly!
You are too injured to fight recklessly!
You are too injured to fight recklessly!
You are too injured to fight recklessly!
You are too injured to fight recklessly!
You are too injured to fight recklessly!
You hit the orc priest but do no damage.
The orc priest is almost dead.
The orc closely misses you. The orc priest closely misses you.
You slash the orc priest!
You kill the orc priest!
The orc hits you with a +0 flail!
You die...

.. ##.#### ......
...).# ...o@#
.....#.# .....#
###.......
.....#######........#
..........##..##..#.#
#####.....##......#.#
#.....##..##..#.#
###.####..##..#.#
#.####.........
#.......##.....


You could see an orc.

Vanquished Creatures
  An orc priest (D:2)
  A dart slug (D:1)
  3 endoplasms (D:1)
  3 goblins
  2 hobgoblins (D:1)
  2 kobolds (D:1)
  A quokka (D:1)
  2 ball pythons (D:1)
  5 bats
  A frilled lizard (D:1)
  3 rats
24 creatures vanquished.

Notes
Turn   | Place    | Note
-------+----------+-------------------------------------------
     0 | D:1      | cforsyth the Kobold Gladiator began the quest for the Orb.
     0 | D:1      | Reached XP level 1. HP: 12/12 MP: 1/1
   124 | D:1      | Found a faded altar of an unknown god.
   168 | D:1      | Reached XP level 2. HP: 17/18 MP: 2/2
   196 | D:1      | Reached skill level 1 in Stealth
   296 | D:1      | Reached skill level 4 in Dodging
   335 | D:1      | Reached XP level 3. HP: 22/22 MP: 3/3
   782 | D:2      | Slain by an orc

Illustrated notes

Levels and vault maps discovered:
D:1:      lightli_arrival_maybe_door_vault, layout_rooms,
          ebering_ecumenical_altar_abandoned, minmay_misc_feat_ornament
D:2:      layout_basic

Skill      XL: |  1  2 |
---------------+-------+-----
Stealth        | 1 |  1.6
Dodging        | 4 |  4.0
Fighting       | |  2.7
Long Blades    | |  2.7
Throwing       | |  2.2

Action                     || total
---------------------------++-------
  Melee: Long sword        ||    54
   Stab: Sleeping          ||    13
 Armour: Leather armour    ||     8
  Dodge: Dodged            ||    41

Table legend: (Time is in decaauts)
 A = Elapsed time spent in this place.
 B = Non-inter-level travel time spent in this place.
 C = Inter-level travel time spent in this place.
 D = Time resting spent in this place.
 E = Time spent auto-exploring this place.
 F = Levels seen in this place.
 G = Mean time per level.
                   A        B        C        D        E       F      G
               +--------+--------+--------+--------+--------+-----+--------+
         Total |    795 |    792 |      3 |      0 |    639 |   2 |  397.5 |
       Dungeon |    795 |    792 |      3 |      0 |    639 |   2 |  397.5 |
               +--------+--------+--------+--------+--------+-----+--------+

Top non-repeatable levels by time:
     D:1: 492 daAuts
     D:2: 303 daAuts
